 Dungeon Crawl Stone Soup version 0.27.0-1-g7a089689b8 (webtiles) character file.

Game seed: 17933803993442799939

50 SnakkuSnakku7 the Sneak (level 3, -3/28 HPs)
             Began as a Vampire Hedge Wizard on Aug 12, 2021.
             Killed from afar by a white imp (5 damage)
             ... with a puff of frost
             ... summoned by Natasha
             ... on level 2 of the Dungeon.
             The game lasted 00:02:34 (937 turns).

SnakkuSnakku7 the Sneak (Vampire Hedge Wizard)       Turns: 937, Time: 00:02:35

Health: -3/28      AC:  2    Str: 10    XL:     3   Next: 55%
Magic:  7/7        EV: 12    Int: 16    God:
Gold:   33         SH:  0    Dex: 13    Spells: 7/8 levels left

rFire    . . .     SeeInvis +   a - +2 dagger (vamp)
rCold    . . .     Faith    .   (no shield)
rNeg     . . .     Spirit   .   b - +0 robe
rPois    .         Reflect  .   c - +0 hat
rElec    .         Harm     .   (no cloak)
rCorr    .         Rampage  .   (no gloves)
Will     .....                  (no boots)
Stlth    ++........             (no amulet)
HPRegen  0.29/turn              (no ring)
MPRegen  0.10/turn              (no ring)

@: healing quickly
A: alive, fangs 3, see invisible, vampiric 2
a: Exsanguinate


You were on level 2 of the Dungeon.
You visited 1 branch of the dungeon, and saw 2 of its levels.

You collected 33 gold pieces.

Inventory:

Hand Weapons
 a - a +2 vampiric dagger (weapon)
 g - a +0 dagger
Armour
 b - a +0 robe (worn)
 c - a +0 hat (worn)
Scrolls
 e - a scroll of teleportation {unknown}
 h - 2 scrolls of blinking {unknown}
Potions
 d - a potion of mutation {unknown}
 f - a potion of curing {unknown}
 i - a potion of flight {unknown}
 j - a potion of haste {unknown}


   Skills:
 - Level 2.4 Fighting
 + Level 1.6 Short Blades
 - Level 2.1 Dodging
 - Level 3.0 Stealth
 - Level 3.0 Spellcasting
 - Level 0.6 Conjurations
 - Level 1.0 Summonings
 - Level 0.7 Translocations


You had 7 spell levels left.
You knew the following spells:

 Your Spells              Type           Power      Damage    Failure   Level
a - Magic Dart            Conj           16%        1d3       14%         1

Your spell library contained the following spells:

 Spells                   Type           Power      Damage    Failure   Level
 Call Imp                 Summ           5%         N/A       19%         2
 Blink                    Tloc           N/A        N/A       22%         2
 Slow                     Hex            2%         N/A       28%         2
 Conjure Flame            Conj/Fire      3%         6-21      45%         3
 Mephitic Cloud           Conj/Pois/Air  3%         N/A       45%         3


Dungeon Overview and Level Annotations

Branches:
Dungeon (2/15)

Altars:

Annotations:
D:2 Natasha


Innate Abilities, Weirdness & Mutations

Your natural rate of healing is accelerated.
You have razor-sharp teeth.
You have supernaturally acute eyesight. (SInv)
You are afflicted with vampirism and can become a bat while bloodless.


Message History

Natasha claws you.
You are too injured to fight recklessly!
You are too injured to fight recklessly!
Natasha barely misses you.
Natasha stares at you and mumbles some strange words.
You resist with some effort.
Natasha stares at you and mumbles some strange words.
You resist with some effort.
You aren't carrying any items that you can evoke.
Unknown command.
A giant cockroach comes into view.
The crimson imp disappears for a moment.
Natasha casts a spell.
The giant cockroach waves its antennae.
The giant cockroach bites you but does no damage.
You hit the giant cockroach.
You feel better.
The giant cockroach is severely wounded.
The giant cockroach bites you but does no damage.
You barely miss the giant cockroach.
The giant cockroach is severely wounded.
The giant cockroach closely misses you. Natasha casts a spell at you.
The magic dart hits you!
* * * LOW HITPOINT WARNING * * *
The giant cockroach closely misses you.
You hit the giant cockroach but do no damage.
The giant cockroach is severely wounded.
The giant cockroach barely misses you.
You hit the giant cockroach.
You feel better.
You kill the giant cockroach!
Natasha casts a spell.
The crimson imp blinks!
You barely miss Natasha.
Natasha is moderately wounded.
The giant cockroach waves its antennae.
Natasha claws you!
* * * LOW HITPOINT WARNING * * *
The white imp gestures at you. The puff of frost hits you.
You die...

. # .#. #.# #.#
#.# #.# #5# #@#
#.......# #h# .
.......# #B# ..
...>...# #.#
..##......# #5#
....w.....######5#
..#...........##w#
..............##.#
#..<....###.##.#
#######


You could see Natasha, 2 crimson imps, a white imp (summoned), a dart slug and a
giant cockroach.

Vanquished Creatures
  A dart slug (D:1)
  4 ball pythons (D:1)
  2 endoplasms (D:1)
  2 giant cockroaches
  3 hobgoblins (D:1)
  15 jackals (D:1)
  4 kobolds
  4 bats (D:1)
  2 frilled lizards
  3 rats (D:1)
40 creatures vanquished.

Notes
Turn   | Place    | Note
-------+----------+-------------------------------------------
     0 | D:1      | SnakkuSnakku7 the Vampire Hedge Wizard began the quest for
                  | the Orb.
     0 | D:1      | Reached XP level 1. HP: 13/13 MP: 4/4
   116 | D:1      | Reached skill level 1 in Fighting
   152 | D:1      | Reached XP level 2. HP: 7/21 MP: 0/6
   587 | D:1      | Gained mutation: You are afflicted with vampirism and can
                  | become a bat while bloodless. [Vampire growth]
   587 | D:1      | Reached XP level 3. HP: 28/28 MP: 7/7
   600 | D:1      | Found a faded altar of an unknown god.
   739 | D:1      | Reached skill level 1 in Short Blades
   859 | D:2      | Noticed Natasha
   937 | D:2      | Killed from afar by a white imp

Illustrated notes

Levels and vault maps discovered:
D:1:      eino_arrival_water_star, layout_basic,
          hellmonk_ecumenical_altar_blasted, fountainhead, hex_large
D:2:      layout_loops_cross, lemuel_old_faithful, uniq_natasha

Skill      XL: |  1  2  3 |
---------------+----------+-----
Fighting       | 1 2 |  2.4
Short Blades   | 1 |  1.6
Dodging        | |  2.1
Stealth        | |  3.0
Spellcasting   | |  3.0
Conjurations   | |  0.6
Summonings     | |  1.0
Translocations | |  0.7

Action                   || total
-------------------------++-------
Melee: Dagger            ||   220
       Bite              ||    15
 Cast: Magic Dart        ||    13
 Stab: Sleeping          ||     3
Armor: Robe              ||    43
Dodge: Dodged            ||   200
